 Dungeon Crawl Stone Soup version 0.19-a0-1532-g228a5d9 (webtiles) character file.

154 epen the Insei (level 5, -8/43 HPs)
             Began as a Merfolk Monk on Sept 13, 2016.
             Killed by divine providence
             ... invoked by an orc priest
              (12 damage)
             ... on level 3 of the Dungeon.
             The game lasted 00:04:17 (3403 turns).

epen the Insei (Merfolk Monk)                       Turns: 3403, Time: 00:04:18

Health: -8/43      AC:  5    Str: 11    XL:     5   Next: 35%
Magic:  5/5        EV: 15    Int: 10    God:
Gold:   78         SH:  0    Dex: 17    Spells: 0 memorised, 4 levels left

rFire  . . .     SeeInvis .       - Unarmed
rCold  . . .     Gourm    .     a - +0 robe
rNeg   . . .     Faith    .     (no shield)
rPois  .         Spirit   .     g - +0 helmet
rElec  .         Dismiss  .     (no cloak)
rCorr  .         Reflect  .     p - +0 pair of gloves
MR     .....     Harm     .     r - +0 pair of boots
Stlth  ++........               (no amulet)
                                (no ring)
                                (no ring)

@: lethally poisoned (-8 -> -13), hasted, very quick
A: change form in water, swift swim, stealthy swim
a: no special abilities


You were on level 3 of the Dungeon.
You were very hungry.

You visited 1 branch of the dungeon, and saw 3 of its levels.

You collected 78 gold pieces.

Inventory:

Armour
 a - a +0 robe (worn)
 g - a +0 helmet (worn)
 p - a +0 pair of gloves (worn)
 r - a +0 pair of boots (worn)
Scrolls
 f - a scroll of identify
 i - a scroll of teleportation
 j - a scroll of amnesia
 l - a scroll of random uselessness {unknown}
Potions
 d - a potion of agility
 k - a potion of magic {unknown}
 o - a potion of curing {unknown}
 s - a potion of might {unknown}
Books
 q - a book of Geomancy

   Spells                             Type                      Level
   a - Sandblast                      Earth                        1
   b - Passwall                       Transmutation/Earth          2
   c - Stone Arrow                    Conjuration/Earth            3
   d - Petrify                        Transmutation/Earth          4
   e - Lee's Rapid Deconstruction     Earth                        5
Comestibles
 b - 3 bread rations
 c - a beef jerky
 h - 2 meat rations
 m - 2 fruits
 n - a slice of pizza


   Skills:
 + Level 4.3 Fighting
 + Level 5.0 Dodging
 - Level 2.1 Stealth
 * Level 5.1 Unarmed Combat


You had 4 spell levels left.
You didn't know any spells.

Dungeon Overview and Level Annotations

Branches:
Dungeon (3/15)

Altars:
Xom
The Shining One

Annotations:
D:1 Terence


Message History

You barely miss the orc priest.
The orc priest is severely wounded.
The orc priest hits you but does no damage.
You completely miss the orc priest.
The orc priest is severely wounded.
The orc priest closely misses you.
The orc wizard hits you with a dagger of venom.
* * * LOW HITPOINT WARNING * * *
You hit the orc priest.
The orc priest is severely wounded.
The orc wizard hits you but does no damage.
You are poisoned.
The orc priest hits you with a hand axe.
* * * LOW HITPOINT WARNING * * *
It was a potion of haste.
You feel yourself speed up.
* * * LOW HITPOINT WARNING * * *
You feel sick. The orc wizard misses you.
The orc priest mumbles some strange prayers to Beogh against you.
Beogh smites you!
You die...

...............>..#.##....
#######.###.#.#.###.# ..#.
#.###.#.#.# #.# ###
#.#...#.#.# #..
#.#.###.#.# ### #.#.#.#
#.#.# #.#.#.# #.#.#
#.#.#o# .#.# #.#.#@###.#.#
###...#o....#.#
###......######.#
................#
###..(...######## ########


You could see an orc priest and an orc wizard.

Vanquished Creatures
  An orc wizard (D:3)
  Robin (D:2)
  3 adders
  A worm (D:3)
  3 dart slugs
  2 giant geckos
  5 orcs
  16 goblins
  8 hobgoblins
  4 jackals (D:1)
  9 kobolds
  A ball python (D:2)
  9 bats
  A giant newt (D:2)
  4 rats
68 creatures vanquished.

Notes
Turn   | Place    | Note
-------+----------+-------------------------------------------
     0 | D:1      | epen the Merfolk Monk began the quest for the Orb.
     0 | D:1      | Reached XP level 1. HP: 18/18 MP: 1/1
   394 | D:1      | Reached XP level 2. HP: 24/24 MP: 2/2
   904 | D:1      | Reached XP level 3. HP: 29/29 MP: 3/3
  1074 | D:1      | Found a glowing golden altar of the Shining One.
  1168 | D:2      | Noticed Terence
  1170 | D:2      | Noticed Robin
  1887 | D:2      | Reached XP level 4. HP: 36/37 MP: 4/4
  1918 | D:2      | Killed Robin
  2791 | D:2      | Reached skill level 5 in Unarmed Combat
  2791 | D:2      | Reached XP level 5. HP: 9/42 MP: 5/5
  3044 | D:2      | Found a shimmering altar of Xom.
  3131 | D:2      | Reached skill level 5 in Dodging
  3226 | D:3      | Found a faded altar of an unknown god.
  3403 | D:3      | Killed from afar by an orc priest

Vault maps used:
D:1:      minmay_arrival_loop, tso_altar
D:2:      tgw_xom, uniq_robin, uniq_terence
D:3:      first_bread, ecumenical_altar_2, moated_statue, uniq_sigmund

Skill      XL: |  1  2  3  4  5 |
---------------+----------------+-----
Unarmed Combat | 4 5 |  5.1
Fighting       | 4 |  4.3
Dodging        | 5 |  5.0
Stealth        | |  2.1

Action                   |  1- 3 |  4- 6 || total
-------------------------+-------+-------++-------
Melee: Unarmed           |   154 |   151 ||   305
       Punch             |     5 |       ||     5
       Tailslap          |       |     4 ||     4
  Use: Scroll            |     3 |       ||     3
       Potion            |       |     1 ||     1
 Stab: Sleeping          |     3 |     3 ||     6
  Eat: Chunk             |     3 |     4 ||     7
Armor: Robe              |    24 |    28 ||    52
Dodge: Dodged            |   116 |   105 ||   221
